 Dungeon Crawl Stone Soup version 0.31.0-32-g396128a36d (webtiles) character file.

Game seed: 9559777397475874681

125517 adizb the Champion of Chaos (level 15, -1/125 HPs)
             Began as a Demonspawn Monk on Mar 25, 2024.
             Was the Champion of Makhleb.
             Killed from afar by a naga mage (22 damage)
             ... with a bolt of poison
             ... on level 3 of the Snake Pit.
             The game lasted 02:20:52 (17012 turns).

adizb the Champion of Chaos (Demonspawn Monk)      Turns: 17012, Time: 02:20:53

Health: -1/125     AC: 31    Str: 19    XL:     15   Next: 94%
Magic:  27/27      EV: 14    Int: 13    God:    Makhleb [******]
Gold:   1872       SH: 14    Dex: 17    Spells: 11/18 levels left

rFire   + . .        y - +3 broad axe (vamp)
rCold   + . .        Q - +3 buckler
rNeg    + . .        N - +5 ring mail "Somate" {rC+ rN+ SInv}
rPois   .            m - +0 hat
rElec   .            K - +2 cloak {Will+}
rCorr   .            X - +0 pair of gloves
SInv    +            r - +3 pair of boots "Koam" {Harm}
Will    +++..        b - amulet of regeneration
Stlth   ++           w - ring of Kycuamel {Wiz Str+2 Slay+2}
HPRegen 1.20/turn    v - +5 ring of evasion
MPRegen 0.20/turn

%: harm (+30% outgoing, +20% incoming), wizardry (x1)
@: lethally poisoned (-1 -> -6), slowed, constricted, very slow
A: horns 2, icemail 2, powered by death 1, black mark, sharp scales 2,
condensation shield, bedeviling, thin skeletal structure 1, fire resistance 1,
strong-willed 1
a: Renounce Religion, Minor Destruction, Lesser Servant of Makhleb, Major
Destruction, Greater Servant of Makhleb


You were on level 3 of the Snake Pit.
You worshipped Makhleb.
Makhleb was exalted by your worship.
You visited 4 branches of the dungeon, and saw 25 of its levels.
You also visited: Sewer, Ice Cave and Volcano.

You collected 3254 gold pieces.
You spent 1382 gold pieces at shops.

Inventory:

Hand Weapons
 h - a +1 broad axe of flaming
 y - a +3 vampiric broad axe (weapon)
 B - a +2 war axe of electrocution
 J - a +4 mace of freezing
 V - a +0 eveningstar of venom
Armour
 i - a +0 tower shield
 m - a +0 hat (worn)
 r - the +3 pair of boots "Koam" (worn) {Harm}
   (You acquired it on level 4 of the Lair of Beasts)

   Harm:      It increases damage dealt and taken.
 E - +0 fire dragon scales
 K - a +2 cloak of willpower (worn)
 N - the +5 ring mail "Somate" (worn) {rC+ rN+ SInv}
   (You found it on level 7 of the Dungeon)

   rC+:       It protects you from cold.
   rN+:       It protects you from negative energy.
   SInv:      It lets you see invisible.
 Q - a +3 buckler (worn)
 S - +0 ice dragon scales
 X - a +0 pair of gloves (worn)
Jewellery
 b - an amulet of regeneration (around neck)
 e - an amulet of the acrobat
 g - a ring of fire
 k - a +5 ring of evasion
 v - a +5 ring of evasion (right hand)
 w - the ring of Kycuamel (left hand) {Wiz Str+2 Slay+2}
   (You acquired it on level 4 of the Lair of Beasts)

   [ring of wizardry]

   Wiz:       It improves your spell success rate.
   Str+2:     It affects your strength (+2).
   Slay+2:    It affects your accuracy & damage with ranged weapons and melee
   (+2).
 H - a ring of flight
 O - a ring of positive energy
Wands
 d - a wand of flame (52)
 f - a wand of digging (7)
 p - a wand of light (18)
 s - a wand of mindburst (10)
 F - a wand of polymorph (10)
 L - a wand of iceblast (27)
 Z - a wand of charming (16)
Scrolls
 n - 3 scrolls of poison
 x - 9 scrolls of teleportation
 C - 10 scrolls of fog
 I - 6 scrolls of revelation
 W - a scroll of torment {unknown}
 Y - 2 scrolls of fear
Potions
 a - 6 potions of haste
 c - 3 potions of ambrosia
 j - 2 potions of resistance
 l - 6 potions of curing
 o - 7 potions of might
 t - 7 potions of brilliance
 u - 3 potions of invisibility
 z - 2 potions of heal wounds
 A - a potion of berserk rage
 G - a potion of cancellation {unknown}
 P - 3 potions of magic
 R - 6 potions of enlightenment
 T - 4 potions of lignification {unknown}
 U - 2 potions of attraction {unknown}
Miscellaneous
 q - a phantom mirror
 D - a condenser vane
 M - a phial of floods


   Skills:
 + Level 13.9 Fighting
 + Level 7.9(10.2) Axes
 - Level 10.1(11.2) Maces & Flails
 + Level 10.6 Armour
 - Level 4.0 Dodging
 * Level 9.7 Shields
 - Level 2.0 Spellcasting
 + Level 4.2 Hexes
 + Level 17.6 Invocations
 - Level 6.0 Evocations


You had 11 spell levels left.
You knew the following spells:

 Your Spells              Type           Power      Damage    Failure   Level
a - Slow                  Hex            72%        N/A       3%          1
b - Confusing Touch       Hex            18%        N/A       10%         3
c - Sigil of Binding      Hex            18%        N/A       10%         3

Your spell library contained the following spells:

 Spells                   Type           Power      Damage    Failure   Level
 Apportation              Tloc           2%         N/A       17%         1
 Foxfire                  Conj/Fire      4%         2x1d4     17%         1
 Necrotise                Necr           4%         1d4       17%         1
 Sting                    Conj/Alch      4%         1d3       17%         1
 Summon Small Mammal      Summ           4%         N/A       17%         1
 Inner Flame              Hex/Fire       10%        N/A       22%         3
 Cigotuvi's Dreadful Rot  Necr/Alch/Air  2%         N/A       26%         2
 Lesser Beckoning         Tloc           2%         N/A       26%         2
 Fugue of the Fallen      Necr           1%         N/A       45%         3
 Gell's Gravitas          Tloc           1%         N/A       45%         3
 Ozocubu's Armour         Ice            1%         N/A       45%         3
 Teleport Other           Tloc           1%         N/A       45%         3
 Vampiric Draining        Necr           1%         2d6       45%         3
 Dispel Undead            Necr           1%         3d6       85%         4
 Flame Wave               Conj/Fire      1%         2d4       85%         4
 Manifold Assault         Tloc           1%         N/A       85%         4
 Martyr's Knell           Necr/Summ      1%         N/A       85%         4
 Olgreb's Toxic Radiance  Alch           1%         N/A       85%         4
 Sticky Flame             Fire/Alch      1%         2d4       85%         4
 Vhi's Electric Charge    Tloc/Air       2%         N/A       85%         4
 Arcjolt                  Conj/Air       0%         1d10      99%         5
 Death Channel            Necr           0%         N/A       100%        6
 Dispersal                Tloc           0%         N/A       100%        6
 Plasma Beam              Fire/Air       0%         2x1d10    100%        6
 Starburst                Conj/Fire      0%         6d3       100%        6
 Ozocubu's Refrigeration  Ice            0%         4d7       100%        7
 Discord                  Hex            9%         N/A       100%        8
 Maxwell's Capacitive Co  Air            0%         ∞         100%        8


Dungeon Overview and Level Annotations

Branches:
Dungeon (15/15)            Temple (0/1) D:5            Lair (5/5) D:9
 Shoals (0/4) Lair:2        Snake (3/4) Lair:2        Slime (0/5) Lair:4
    Orc (2/2) D:11            Elf (0/3) Orc:2        Vaults (0/5) D:14
 Depths (0/4) D:15          Sewer (visited)           IceCv (visited)
Volcano (visited)

Altars:
Ashenzari
Kikubaaqudgha
Makhleb
Nemelex Xobeh
Uskayaw
Vehumet
Wu Jian
Xom
Jiyva

Shops:
Orc:2 :=(

Annotations:
D:4 2 runed translucent doors


Innate Abilities, Weirdness & Mutations

You have a pair of horns on your head.
A meltable icy envelope protects you from harm. (AC +8)
You regenerate a little health from kills.
Your melee attacks may debilitate your foes.
You are mostly covered in razor-sharp scales. (AC +2, Slay +2)
A meltable shield of frost defends you. (SH +4)
Your hexes are more powerful.
You have a somewhat thin skeletal structure. (Dex +2, Stealth+)
Your flesh is heat resistant. (rF+)
You are strong-willed. (Will+)


Message History

You block the bolt. The black mamba closely misses you.
You slash the black mamba!
You feel better.
You kill the black mamba!
Makhleb accepts your kill.
You feel better.
You hit the naga sharpshooter.
You feel extremely sick.
The naga sharpshooter casts a spell.
The naga sharpshooter magically shoots a bolt.
You block the bolt.
The naga sharpshooter shoots a bolt.
The bolt hits you but does no damage.
You slash the naga sharpshooter!
You kill the naga sharpshooter!
Makhleb accepts your kill.
You feel better.
You feel extremely sick. The naga mage spits poison at you.
The splash of poison misses you.
You slash the naga mage!
You feel better.
The naga mage is severely wounded.
You feel very sick. The naga mage closely misses you. The naga mage grabs you.
The naga mage constricts you. The naga mage hits you with a +0 whip.
The naga mage constricts you.
You closely miss the naga mage.
The naga mage is severely wounded.
You feel very sick. The naga mage hits you with a +0 whip.
The naga mage constricts you. The naga mage spits poison at you.
The splash of poison misses you. The naga mage constricts you.
The naga mage casts a spell at you. The bolt of poison hits you!!
You are more poisoned.
* * * LOW HITPOINT WARNING * * *
The naga mage constricts you.
You feel better. You block the naga mage's attack.
The naga mage constricts you.
The naga mage points at you and mumbles some strange words.
The bolt of poison hits you!!
You are poisoned.
You die...

..... ... ... ... #.#
#.# . #.# ###### ...
#N# #....#
.....#@##########....#
......).....>.........#
......#.#######.......#
................##....#
................##....#
......#..............##
......##........######
.#..#...........#
...............###


You could see a naga mage (fast, catching breath).

Vanquished Creatures
  An ironbound thunderhulk (D:14)
  Nessos (D:12)
  2 fire dragons
  5 hydras
  Harold (D:9)
  2 vault guards (D:14)
  2 catoblepae
  A boulder beetle (D:7)
  4 anacondas (Snake:1)
  6 centaur warriors
  3 death yaks (Lair:5)
  4 two-headed ogres
  A naga warrior (Snake:1)
  A tengu warrior (D:14)
  11 naga sharpshooters
  Urug (D:11)
  2 orc high priests (Orc:2)
  2 shock serpents
  Sonja (Lair:2)
  A skyshark (Lair:3)
  A salamander mystic (Volcano)
  Lodul (D:13)
  A naga ritualist (Snake:1)
  A lindwurm (Lair:5)
  A mana viper (Snake:1)
  Pikel (D:5)
  2 bog bodies (IceCv)
  3 orc knights
  An oklob plant (Lair:3)
  A deep elf pyromancer (D:12)
  2 orc sorcerers (Orc:2)
  6 ugly things
  2 manticores
  5 cyclopes
  8 salamanders
  A kobold blastminer (Orc:2)
  18 black mambas
  4 elephants
  An ice statue (IceCv)
  2 naga magi
  2 gargoyles
  2 molten gargoyles (Lair:5)
  A kobold demonologist (D:11)
  An unseen horror (D:12)
  6 cane toads
  An unseen horror (shapeshifter) (D:14)
  A tengu conjurer (D:13)
  7 komodo dragons
  A rime drake (D:9)
  5 trolls
  2 polar bears
  A tarantella (shapeshifter) (D:13)
  2 hornets
  Prince Ribbit (D:8)
  4 blink frogs
  8 dream sheep
  Grinder (D:5)
  13 slime creatures
  A centaur simulacrum (D:15)
  8 wyverns
  4 wraiths
  3 dire elephant simulacra (IceCv)
  48 yaks
  8 basilisks
  2 wargs (D:11)
  A human (D:11)
  2 steam dragons
  3 vampire mosquitoes (D:13)
  A death yak simulacrum (IceCv)
  14 nagas
  3 harpy simulacra (IceCv)
  A hydra simulacrum (IceCv)
  A naga (shapeshifter) (D:14)
  An acid dragon (D:10)
  4 hell hounds (Lair:5)
  14 water moccasins
  6 ice beasts
  21 orc warriors
  A sky beast (D:6)
  A wolf (D:9)
  2 centaurs
  10 ogres
  A phantom (D:5)
  A scorpion (D:5)
  17 bullfrogs
  6 two-headed ogre simulacra (IceCv)
  2 cane toad simulacra (IceCv)
  3 wights (D:7)
  2 elephant simulacra (IceCv)
  3 killer bees (D:11)
  A vampire bat (Lair:1)
  13 howler monkeys
  A bombardier beetle (D:3)
  2 jellies (D:5)
  4 lava snakes (Lair:5)
  4 hounds
  11 orc priests
  Crazy Yiuf (D:3)
  A sleepcap (D:6)
  A hell rat (Sewer)
  2 iguanas
  16 orc wizards
  A polar bear simulacrum (IceCv)
  3 spriggan simulacra (IceCv)
  4 troll simulacra (IceCv)
  A wolf simulacrum (IceCv)
  3 gnolls (D:5)
  4 adders
  6 naga simulacra (IceCv)
  4 river rats
  A shadow imp (D:7)
  8 white imps
  7 ufetubi (IceCv)
  2 orc skeletons (Orc:1)
  3 dart slugs
  4 ribbon worms
  42 orcs
  3 ball pythons
  13 bats
  5 endoplasms
  2 giant cockroaches (D:3)
  6 goblins
  7 hobgoblins
  2 jackals (D:4)
  15 kobolds
  10 quokkas
  3 frilled lizards
  13 rats
597 creatures vanquished.

Vanquished Creatures (collateral kills)
  A nagaraja (Snake:2)
  2 ice dragons (D:15)
  A death knight (D:11)
  2 orc high priests (Orc:2)
  A tengu warrior (D:13)
  A hell knight (Volcano)
  3 necromancers (Orc:1)
  2 orc knights (Orc:2)
  An ugly thing (D:14)
  3 orc sorcerers (Orc:2)
  A manticore (D:12)
  Maurice (D:7)
  A kobold blastminer (Orc:2)
  3 elephants (Lair:4)
  A kobold demonologist (D:14)
  An unseen horror (shapeshifter) (D:14)
  A troll (D:14)
  A wolf spider simulacrum (D:14)
  4 blink frogs (Lair:3)
  4 dream sheep
  A slime creature (D:14)
  An ettin skeleton (Orc:1)
  5 yaks
  A steam dragon (D:7)
  A warg (Orc:1)
  2 humans (D:14)
  A hell hound (Lair:5)
  3 ice beasts (D:9)
  A sky beast (D:7)
  4 orc zombies (Orc:1)
  2 ogres
  A centaur (D:9)
  2 kobold brigands
  2 cyclops skeletons (Orc:1)
  A wight (D:7)
  An electric eel (Lair:2)
  A howler monkey (D:7)
  A lava snake (Lair:5)
  A cyclops simulacrum (Orc:1)
  2 orc priests (Orc:2)
  2 orc wizards (Orc:2)
  An ogre zombie (Orc:1)
  An ogre simulacrum (Orc:1)
  2 orc skeletons (Orc:1)
  4 orcs
  3 kobolds
82 creatures vanquished.

Vanquished Creatures (others)
  An orc priest (Orc:2)
1 creature vanquished.

Grand Total: 680 creatures vanquished

Notes
Turn   | Place    | Note
-------+----------+-------------------------------------------
     0 | D:1      | adizb the Demonspawn Monk began the quest for the Orb.
     0 | D:1      | Reached XP level 1. HP: 18/18 MP: 1/1
   251 | D:1      | Reached skill level 1 in Invocations
   261 | D:1      | Gained mutation: You have a pair of small horns on your
                  | head. [demonic ancestry]
   261 | D:1      | Reached XP level 2. HP: 24/24 MP: 2/2
   830 | D:2      | Gained mutation: A meltable shield of frost defends you.
                  | (SH +4) [demonic ancestry]
   830 | D:2      | Reached XP level 3. HP: 29/29 MP: 4/4
   833 | D:2      | Reached skill level 2 in Invocations
  1316 | D:3      | Reached XP level 4. HP: 37/37 MP: 5/5
  1495 | D:3      | Reached skill level 3 in Invocations
  1574 | D:3      | Found a runed translucent door.
  1575 | D:3      | Noticed Crazy Yiuf
  1630 | D:3      | Found a burning altar of Makhleb.
  1635 | D:3      | Became a worshipper of Makhleb the Destroyer
  1635 | D:3      | Reached * piety under Makhleb
  1635 | D:3      | Reached ** piety under Makhleb
  1674 | D:3      | Killed Crazy Yiuf
  1675 | D:3      | Gained mutation: You are partially covered in razor-sharp
                  | scales. (AC +1, Slay +1) [demonic ancestry]
  1675 | D:3      | Reached XP level 5. HP: 13/42 MP: 7/7
  1764 | D:3      | Found a glowing drain.
  1771 | Sewer    | Entered a sewer
  1820 | Sewer    | Reached skill level 4 in Invocations
  2048 | D:4      | Found a large runed translucent door.
  2048 | D:4      | Found a large runed translucent door.
  2055 | D:4      | Found a large runed translucent door.
  2056 | D:4      | Found a large runed translucent door.
  2058 | D:4      | Noticed a wyvern
  2172 | D:4      | Gained mutation: A meltable icy envelope protects you from
                  | harm. (AC +8) [demonic ancestry]
  2172 | D:4      | Reached XP level 6. HP: 50/50 MP: 9/9
  2242 | D:5      | Entered Level 5 of the Dungeon
  2518 | D:5      | Reached *** piety under Makhleb
  2522 | D:5      | Reached skill level 5 in Fighting
  2522 | D:5      | Reached skill level 5 in Invocations
  2526 | D:5      | Noticed Grinder
  2547 | D:5      | Killed Grinder
  2548 | D:5      | Reached skill level 6 in Invocations
  2548 | D:5      | Gained mutation: You are mostly covered in razor-sharp
                  | scales. (AC +2, Slay +2) [demonic ancestry]
  2548 | D:5      | Reached XP level 7. HP: 49/57 MP: 11/11
  2715 | D:5      | Noticed Pikel
  2725 | D:5      | Killed Pikel
  2726 | D:5      | Reached skill level 7 in Invocations
  2726 | D:5      | Gained mutation: You have a pair of horns on your head.
                  | [demonic ancestry]
  2726 | D:5      | Reached XP level 8. HP: 65/65 MP: 11/13
  2741 | D:5      | Found an ornate altar of the Wu Jian Council.
  2742 | D:5      | Found an ancient bone altar of Kikubaaqudgha.
  2751 | D:5      | Reached skill level 5 in Maces & Flails
  2776 | D:5      | Reached skill level 8 in Invocations
  2816 | D:5      | Found a staircase to the Ecumenical Temple.
  3052 | D:4      | Reached skill level 9 in Invocations
  3078 | D:4      | Reached skill level 1 in Armour
  3466 | D:6      | Identified the +1 hand axe of Pestilence {spect, Stlth+}
  3525 | D:6      | Gained mutation: A meltable icy envelope protects you from
                  | harm. (AC +8) [demonic ancestry]
  3525 | D:6      | Reached XP level 9. HP: 71/74 MP: 16/16
  3898 | D:6      | Reached skill level 10 in Invocations
  4013 | D:7      | Noticed Maurice
  4020 | D:7      | Killed Maurice
  4023 | D:7      | Noticed a boulder beetle
  4029 | D:7      | Reached **** piety under Makhleb
  4036 | D:7      | Reached skill level 11 in Invocations
  4098 | D:7      | Killed a boulder beetle
  4099 | D:7      | Gained mutation: Your hexes are more powerful. [demonic
                  | ancestry]
  4099 | D:7      | Reached XP level 10. HP: 83/83 MP: 18/18
  4145 | D:7      | Identified the +5 ring mail "Somate" {rC+ rN+ SInv}
  4444 | D:8      | Found a hide-covered altar of Uskayaw.
  4571 | D:8      | Found a shimmering altar of Xom.
  4576 | D:8      | Reached skill level 1 in Shields
  4753 | D:8      | Noticed Prince Ribbit
  4763 | D:8      | Killed Prince Ribbit
  5036 | D:9      | Reached skill level 1 in Spellcasting
  5036 | D:9      | Noticed a cyan ugly thing
  5046 | D:9      | Killed a cyan ugly thing
  5073 | D:9      | Noticed Harold
  5108 | D:9      | Killed Harold
  5136 | D:9      | Found a staircase to the Lair.
  5142 | D:9      | Reached skill level 5 in Armour
  5148 | D:9      | Reached skill level 12 in Invocations
  5161 | D:9      | Reached XP level 11. HP: 90/90 MP: 20/20
  5164 | D:9      | Reached skill level 10 in Fighting
  5633 | D:9      | Paralysed by a hornet for 3 turns
  5678 | D:9      | Identified the +3 hand axe of Tension {flame, *Noise rElec
                  | Will+}
  5733 | Lair:1   | Entered Level 1 of the Lair of Beasts
  6135 | Lair:1   | Reached skill level 1 in Evocations
  6213 | Lair:1   | Reached ***** piety under Makhleb
  6502 | Lair:2   | Identified the +10 rapier of the Grave {holy, Int+5}
  6601 | Lair:2   | Reached skill level 5 in Shields
  6659 | Lair:2   | Found a staircase to the Snake Pit.
  6798 | Lair:2   | Noticed Sonja
  6820 | Lair:2   | Killed Sonja
  6977 | Lair:2   | Found a staircase to the Shoals.
  7083 | Lair:3   | Reached skill level 13 in Invocations
  7214 | Lair:3   | Noticed a skyshark
  7225 | Lair:3   | Killed a skyshark
  7226 | Lair:3   | Gained mutation: Your melee attacks may debilitate your
                  | foes. [demonic ancestry]
  7226 | Lair:3   | Reached XP level 12. HP: 99/99 MP: 21/21
  7447 | Lair:3   | Noticed a catoblepas
  7467 | Lair:3   | Killed a catoblepas
  7501 | Lair:3   | Identified the +10 short sword of Defiance {drain, rElec}
  7959 | Lair:4   | Noticed a catoblepas
  7974 | Lair:4   | Killed a catoblepas
  8025 | Lair:4   | Found a staircase to the Slime Pits.
  8044 | Lair:4   | Reached skill level 1 in Hexes
  8072 | Lair:4   | Found a viscous altar of Jiyva.
  8154 | Lair:4   | Noticed a seven-headed hydra
  8164 | Lair:4   | Killed a seven-headed hydra
  8165 | Lair:4   | Reached skill level 5 in Evocations
  8396 | Lair:4   | Identified 2 scrolls of acquirement
  8396 | Lair:4   | Acquired the +3 pair of boots "Koam" {Harm}
  8408 | Lair:4   | Acquired the ring of Kycuamel {Wiz Str+2 Slay+2}
  8414 | Lair:5   | Entered Level 5 of the Lair of Beasts
  8504 | Lair:5   | Noticed an eight-headed hydra
  8522 | Lair:5   | Killed an eight-headed hydra
  8523 | Lair:5   | Reached skill level 14 in Invocations
  8603 | Lair:5   | Reached XP level 13. HP: 106/106 MP: 23/23
  8962 | Lair:5   | Noticed a fire dragon
  8964 | Lair:5   | Found a large runed translucent door.
  8965 | Lair:5   | Found a large runed translucent door.
  9038 | Lair:5   | Reached skill level 15 in Invocations
  9159 | Lair:5   | Killed a fire dragon
  9173 | Lair:5   | Got an earthy gem with 294 turns to spare
  9552 | D:10     | Entered Level 10 of the Dungeon
  9658 | D:10     | Found a sparkling altar of Nemelex Xobeh.
  9747 | D:10     | Found a broken altar of Ashenzari.
  9914 | D:11     | Noticed Urug
  9921 | D:11     | Killed Urug
  9965 | D:11     | Reached ****** piety under Makhleb
  9979 | D:11     | Found a staircase to the Orcish Mines.
 10630 | D:13     | Reached skill level 10 in Maces & Flails
 10725 | D:14     | Reached XP level 14. HP: 73/116 MP: 25/25
 10792 | D:14     | Noticed an ironbound thunderhulk
 10793 | D:14     | Reached skill level 1 in Axes
 10802 | D:14     | Reached skill level 16 in Invocations
 10809 | D:13     | Noticed Nessos
 10811 | D:13     | Noticed Lodul
 10889 | D:12     | Killed Nessos
 10997 | D:13     | Killed Lodul
 11070 | D:14     | HP: 2/116 [ironbound thunderhulk/bolt of lightning (42)]
 11096 | D:14     | Killed an ironbound thunderhulk
 11184 | D:15     | Entered Level 15 of the Dungeon
 11214 | D:15     | Gained mutation: Your spells are a little harder to cast,
                  | but a little more powerful. [potion of mutation]
 11323 | D:15     | Found a staircase to the Depths.
 11335 | D:15     | Got a smoky gem with 1420 turns to spare
 11433 | D:14     | Found a gate to the Vaults.
 11601 | D:13     | Found an ancient bone altar of Kikubaaqudgha.
 12368 | Orc:1    | Entered Level 1 of the Orcish Mines
 12612 | Orc:1    | Reached skill level 5 in Axes
 12759 | Orc:1    | You fall into a shaft and drop 1 floor!
 12759 | Orc:2    | Entered Level 2 of the Orcish Mines
 12783 | Orc:2    | Found a frozen archway.
 12795 | IceCv    | Entered an ice cave
 13424 | Orc:2    | Found a dark tunnel.
 13441 | Volcano  | Entered a volcano
 13597 | Volcano  | Gained mutation: You regenerate a little health from kills.
                  | [demonic ancestry]
 13597 | Volcano  | Reached XP level 15. HP: 44/123 MP: 27/27
 13710 | Orc:2    | Found a staircase to the Elven Halls.
 13976 | Orc:2    | Found Voal's Distillery.
 14152 | Orc:2    | Reached skill level 10 in Armour
 14324 | Orc:2    | Found Tentung's Antique Weapon Emporium.
 14325 | Orc:2    | Found Pilaxziy's Jewellery Boutique.
 14325 | Orc:2    | Found Dofigh's Book Boutique.
 14381 | Orc:2    | Bought a runed eveningstar for 414 gold pieces
 14394 | Orc:2    | Bought a book of Debilitation for 308 gold pieces
 14396 | Orc:2    | Learned a level 1 spell: Slow
 14400 | Orc:2    | Learned a level 3 spell: Confusing Touch
 14404 | Orc:2    | Learned a level 3 spell: Sigil of Binding
 14406 | Orc:2    | Bought a potion of heal wounds for 75 gold pieces
 14406 | Orc:2    | Bought a potion of haste for 150 gold pieces
 14406 | Orc:2    | Bought a potion of enlightenment for 75 gold pieces
 14406 | Orc:2    | Bought a potion of curing for 45 gold pieces
 14406 | Orc:2    | Bought a potion of enlightenment for 75 gold pieces
 14406 | Orc:2    | Bought a potion of ambrosia for 120 gold pieces
 14406 | Orc:2    | Bought a potion of invisibility for 120 gold pieces
 14638 | Orc:1    | Reached skill level 17 in Invocations
 15638 | D:15     | Lost mutation: Your spells are a little harder to cast, but
                  | a little more powerful. [potion of mutation]
 15638 | D:15     | Gained mutation: You do not regenerate when monsters are
                  | visible. [potion of mutation]
 15638 | D:15     | Gained mutation: You are clumsy. (Dex -2) [potion of
                  | mutation]
 15638 | D:15     | Gained mutation: You are dopey. (Int -2) [potion of
                  | mutation]
 15638 | D:15     | Gained mutation: Your flesh is heat resistant. (rF+)
                  | [potion of mutation]
 15639 | D:15     | Lost mutation: You are clumsy. (Dex -2) [potion of
                  | mutation]
 15639 | D:15     | Lost mutation: You are dopey. (Int -2) [potion of mutation]
 15639 | D:15     | Lost mutation: You do not regenerate when monsters are
                  | visible. [potion of mutation]
 15639 | D:15     | Gained mutation: You are agile. (Dex +4, Str/Int -1)
                  | [potion of mutation]
 15639 | D:15     | Lost mutation: You are agile. (Dex +4, Str/Int -1) [potion
                  | of mutation]
 15639 | D:15     | Gained mutation: You have a somewhat thin skeletal
                  | structure. (Dex +2, Stealth+) [potion of mutation]
 15639 | D:15     | Gained mutation: You are strong-willed. (Will+) [potion of
                  | mutation]
 15828 | Snake:1  | Entered Level 1 of the Snake Pit
 15926 | Snake:1  | Found a radiant altar of Vehumet.
 16833 | Snake:3  | Noticed a nagaraja
 16854 | Snake:2  | Killed a nagaraja
 17012 | Snake:3  | Killed from afar by a naga mage

Illustrated notes

Levels and vault maps discovered:
D:1:      eino_arrival_cavern_e, layout_loops_ring,
          chequers_serial_rivers_micro_d
D:2:      layout_basic, amcnicky_mini_pool_small
D:3:      layout_rooms, lightli_temple_of_fire, gup_sewer_entry_bubbles,
          serial_glass, glass_columns_a, glass_columns_b,
          minmay_goblin_kobold_house, uniq_crazy_yiuf_cottage
D:4:      layout_cave_pools, minmay_hollow_rounded_squares
D:5:      layout_loops_ring, mainiacjoe_overflow_catwalk_spiral,
          minmay_temple_entry_wispy, minmay_misc_feat_iff, uniq_pikel,
          uniq_grinder
D:6:      layout_layer_cave, hangedman_abyss_or_decor_slice
D:7:      layout_rooms, uniq_maurice
D:8:      layout_gridville, nicolae_overflow_crystal_walls,
          mainiacjoe_overflow_boulevard, uniq_prince_ribbit1
D:9:      layout_long_grid, hellmonk_lair_entry_icy, lemuel_flame_loot_1,
          uniq_harold
D:10:     gammafunk_cloud_chamber, layout_loops_ring,
          nemelex_diamond_rough_becter, mainiacjoe_overflow_six_doors_small
D:11:     layout_basic, erik_orc_4, kennysheep_generic_room_8, uniq_urug
D:12:     layout_layer_cave
D:13:     layout_long_grid, kiku_gazebo_pond_becter, uniq_nessos, uniq_lodul
D:14:     layout_cave_pools, hellmonk_vaults_keyhole
D:15:     grunt_enter_depths_hoard, layout_gridville
Lair:1:   layout_roguey, roderic_batcave, infiniplex_staircase_pool
Lair:2:   layout_chaotic_city, elwin_shoals_entry_rooms,
          minmay_snake_entry_guardpost_medium, grunt_megastairs_4,
          serial_bayou_shore_b, uniq_sonja
Lair:3:   hellmonk_ruined_rings, layout_cave_pods
Lair:4:   layout_loops_ring, slime_entry_1
Lair:5:   cheibrodos_lair_end_hotspot, layout_cave_pods, lemuel_fruit_tree
Snake:1:  layout_layer_cave, basic_altar
Snake:2:  layout_concentric_octagons, uniq_azrael, uniq_aizul
Snake:3:  layout_rooms, nicolae_shop_gadgets
Orc:1:    dreamdust_under_siege, layout_caves
Orc:2:    st_orc_elflike, layout_diamond_mine, enter_volcano_4, basic_altar,
          portal_ice_cave_entry_pillars_2

Skill      XL: |  1  2  3  4  5  6  7  8  9 10 11 12 13 14 15 |
---------------+----------------------------------------------+-----
Invocations    | 1 2 3 4 6 7 9 11 12 13 14 15 16 17 | 17.6
Maces & Flails | 3 4 5 6 7 8 9 10 | 10.1
Fighting       | 4 5 6 7 9 10 11 12 13 | 13.9
Armour         | 1 3 5 6 7 8 9 10 | 10.6
Shields        | 3 5 6 8 9 |  9.7
Spellcasting   | 2 |  2.0
Evocations     | 3 5 6 |  6.0
Hexes          | 2 4 |  4.2
Axes           | 5 7 |  7.9
Dodging        | 4 |  4.0

Action                     |  1- 3 |  4- 6 |  7- 9 | 10-12 | 13-15 || total
---------------------------+-------+-------+-------+-------+-------++-------
  Melee: Mace              |    33 |       |    82 |   448 |   273 ||   836
         Flail             |    43 |   105 |    33 |       |       ||   181
         Headbutt          |    10 |    23 |    36 |   103 |   273 ||   445
         Whip              |       |       |    14 |       |       ||    14
         Morningstar       |       |       |       |       |    52 ||    52
         Broad axe         |       |       |       |       |   623 ||   623
         Hand axe          |       |       |       |       |    81 ||    81
  Throw: Throwing net      |       |       |       |     1 |       ||     1
 Invoke: Minor Destruction |       |    14 |    28 |    91 |   132 ||   265
         Lesser Servant of |       |       |     1 |     4 |    15 ||    20
         Major Destruction |       |       |       |     2 |     6 ||     8
         Greater Servant o |       |       |       |       |     5 ||     5
  Evoke: Phantom mirror    |       |       |       |       |     2 ||     2
    Use: Scroll            |     2 |     5 |     1 |    12 |    20 ||    40
         Potion            |       |       |       |       |     9 ||     9
   Stab: Distracted        |       |       |     2 |     3 |     6 ||    11
         Held in net/web   |       |       |       |     3 |       ||     3
         Sleeping          |       |       |       |       |     4 ||     4
 Armour: Leather armour    |    31 |       |       |       |       ||    31
         Ring mail         |    20 |     5 |       |   250 |   733 ||  1008
         Chain mail        |       |    65 |    91 |       |       ||   156
         Fire dragon scale |       |       |       |       |    35 ||    35
  Dodge: Dodged            |    65 |    45 |    78 |   261 |   646 ||  1095
  Block: Buckler           |       |       |       |   208 |   776 ||   984
